 Dungeon Crawl Stone Soup version 0.19-a0-644-gd04d753 (webtiles) character file.

239 Stormphoenix the Covert (level 5, 0/25 HPs)
             Began as a Spriggan Assassin on June 14, 2016.
             Slain by Duvessa
             ... wielding a +4 rapier of freezing
              (2 damage)
             ... on level 4 of the Dungeon.
             The game lasted 00:09:01 (3578 turns).

Stormphoenix the Covert (Spriggan Assassin)         Turns: 3578, Time: 00:09:02

Health: 0/25       AC:  7    Str:  8    XL:     5   Next: 79%
Magic:  6/6        EV: 17    Int: 12    God:
Gold:   212        SH:  0    Dex: 18    Spells: 0 memorised, 4 levels left

rFire  . . .     SeeInvis +     h - +4 dagger
rCold  . . .     Gourm    .     c - +0 robe
rNeg   . . .     Faith    .     (shield restricted)
rPois  .         Spirit   .     (helmet restricted)
rElec  .         Dismiss  .     d - +1 cloak
rCorr  .         Reflect  .     (gloves unavailable)
SustAt .         Harm     .     (boots unavailable)
MR     .....                    (no amulet)
Stlth  +++++.....               (no ring)
                                l - +3 ring of protection

@: very quick, not resistant to hostile enchantments, quite stealthy
A: unfitting armour, see invisible, herbivore 3, speed 3, slow metabolism 2
a: no special abilities


You were on level 4 of the Dungeon.
You were full.

You visited 1 branch of the dungeon, and saw 4 of its levels.

You collected 212 gold pieces.

Inventory:

Hand Weapons
 b - a +0 blowgun
 h - a +4 dagger (weapon)
Missiles
 e - 40 poisoned needles
 f - a curare-tipped needle
Armour
 c - a +0 robe (worn)
 d - a +1 cloak (worn)
Jewellery
 l - a +3 ring of protection (left hand)
Scrolls
 a - 2 scrolls of enchant armour
 i - 5 scrolls of fear
 k - a scroll of identify
 m - 2 scrolls of remove curse
 n - a scroll of blinking {unknown}
Potions
 j - 2 potions of curing
Comestibles
 g - 3 bread rations


   Skills:
 - Level 1.5 Fighting
 - Level 2.1 Short Blades
 - Level 2.0 Throwing
 - Level 1.5 Dodging
 * Level 10.7 Stealth


You had 4 spell levels left.
You didn't know any spells.

Dungeon Overview and Level Annotations

Branches:
Dungeon (4/15)
 Temple: D:4-7

Altars:
Dithmenos
Fedhas
Qazlal
Uskayaw
The Shining One

Annotations:
D:4 Duvessa


Innate Abilities, Weirdness & Mutations

You are tiny and cannot use many weapons and most armour.
You have supernaturally acute eyesight. (SInv)
You are a herbivore.
You cover ground extremely quickly.
You need consume almost no food.


Message History

You hit Duvessa.
Duvessa is lightly wounded.
Duvessa hits you with a rapier of freezing.
Duvessa freezes you.
You hit Duvessa.
Duvessa is moderately wounded.
Duvessa completely misses you. Duvessa misses you.
You hit Duvessa.
Duvessa is moderately wounded.
Duvessa misses you.
You hit Duvessa.
Duvessa is moderately wounded.
Duvessa completely misses you.
An iguana comes into view.
You hit Duvessa.
Duvessa is moderately wounded.
Duvessa hits you with a rapier of freezing!
* * * LOW HITPOINT WARNING * * *
Duvessa freezes you.
You die...

,,,,,,* ***,,,,,,,,,,,......# #
,,,,,,* *,,,*,,,,,,#........# #
,,,,,,***....,,,,,,...##....#####
,,,,,,,,,$...#,,,,#...##.........
*******##.....,,,,l..#*#.#.......
*,.......#,,#...# #.#.......
*,,.....$.,,....# #........(
*,,,......##e...# #.......##
*****#.....@....# #.......##
#...#..#...# #.........
#...†......# #.......##
#..#....#..# #.......##
#..?.......# #.........
#.#......#.# #.......##
#...†......# #.........
############..##..# ###.......
#.........##...##.# #.......


You could see Duvessa (berserk) and an iguana.

Vanquished Creatures
  Dowan (D:4)
  A hound (D:4)
  Natasha (D:4)
  3 adders
  2 adder skeletons (D:4)
  5 worms
  2 dart slugs
  3 giant geckos
  2 orcs (D:4)
  11 bats
  9 giant cockroaches
  6 goblins
  8 hobgoblins
  5 jackals
  6 kobolds
  3 quokkas
  6 giant newts
  8 rats
82 creatures vanquished.

Notes
Turn   | Place    | Note
--------------------------------------------------------------
     0 | D:1      | Stormphoenix the Spriggan Assassin began the quest for the Orb.
     0 | D:1      | Reached XP level 1. HP: 10/10 MP: 2/2
     2 | D:1      | Noticed a demonspawn
     2 | D:1      | Noticed a gargoyle
     4 | D:1      | Noticed an octopode
     6 | D:1      | Noticed a minotaur
     6 | D:1      | Noticed an elf
     8 | D:1      | Noticed a spriggan
     8 | D:1      | Noticed a naga
    10 | D:1      | Noticed a vampire
    10 | D:1      | Noticed a halfling
    12 | D:1      | Noticed a merfolk
    14 | D:1      | Noticed an ogre
    16 | D:1      | Noticed a tengu
    18 | D:1      | Noticed a centaur
    18 | D:1      | Noticed a formicid
    20 | D:1      | Noticed a dwarf
    20 | D:1      | Noticed a draconian
    22 | D:1      | Noticed a vine stalker
    22 | D:1      | Noticed a troll
    24 | D:1      | Noticed a demigod
    24 | D:1      | Noticed a human
    26 | D:1      | Noticed a felid
    26 | D:1      | Noticed a ghoul
    73 | D:1      | Reached skill level 6 in Stealth
   153 | D:1      | Reached XP level 2. HP: 14/14 MP: 3/3
   247 | D:1      | Reached skill level 7 in Stealth
   441 | D:1      | Found a glowing golden altar of the Shining One.
   830 | D:2      | Reached XP level 3. HP: 18/18 MP: 4/4
   889 | D:2      | Found a blossoming altar of Fedhas.
   979 | D:2      | Found a stormy altar of Qazlal.
   985 | D:2      | Found a hide-covered altar of Uskayaw.
  1041 | D:2      | Reached skill level 8 in Stealth
  1653 | D:2      | Noticed a phantom
  2175 | D:2      | Reached XP level 4. HP: 22/22 MP: 5/5
  2778 | D:3      | Found a shadowy altar of Dithmenos.
  3023 | D:4      | Reached skill level 9 in Stealth
  3345 | D:4      | Reached XP level 5. HP: 25/25 MP: 6/6
  3560 | D:4      | Noticed Natasha
  3562 | D:4      | Noticed Dowan
  3563 | D:4      | Reached skill level 10 in Stealth
  3565 | D:4      | Noticed Duvessa
  3568 | D:4      | Killed Natasha
  3571 | D:4      | Killed Dowan
  3578 | D:4      | Slain by Duvessa

Vault maps used:
D:1:      kb_arrival_jail, tso_altar
D:2:      grunt_temple_overflow_open, first_bread, fedhas_altar_4
D:3:      nicolae_dithmenos_shadow_blocks
D:4:      serial_shops, nicolae_shop_overgrown_old_shop,
          minmay_misc_feat_more_columns, uniq_duvessa, uniq_natasha

Skill      XL: |  1  2  3  4  5 |
---------------+----------------+-----
Stealth        | 6 7 8 9 10 | 10.7
Fighting       | |  1.5
Short Blades   | |  2.1
Throwing       | |  2.0
Dodging        | |  1.5

Action                   |  1- 3 |  4- 6 || total
-------------------------+-------+-------++-------
Melee: Dagger            |   145 |   115 ||   260
 Fire: Blowgun           |    27 |     6 ||    33
  Use: Scroll            |     2 |     8 ||    10
       Potion            |     1 |     5 ||     6
 Stab: Sleeping          |    14 |    15 ||    29
  Eat: Bread ration      |       |     1 ||     1
Armor: Robe              |    22 |    16 ||    38
Dodge: Dodged            |   129 |    67 ||   196
